 Dungeon Crawl Stone Soup version 0.30-a0-172-gc5509c9e31 (webtiles) character file.

Game seed: 12798578044880726537

438 tbh1313 the Cleaver (level 6, -8/76 HPs)
             Began as a Minotaur Berserker on Oct 1, 2022.
             Was a Believer of Trog.
             Killed from afar by Jessica (13 damage)
             ... with a puff of flame
             ... on level 4 of the Dungeon.
             The game lasted 00:06:16 (2780 turns).

tbh1313 the Cleaver (Minotaur Berserker)            Turns: 2780, Time: 00:06:16

Health: -8/76      AC:  7    Str: 22    XL:     6   Next: 69%
Magic:  5/5        EV: 11    Int:  6    God:    Trog [**....]
Gold:   151        SH:  0    Dex:  9    Spells: 5/5 levels left

rFire   . . .      SeeInvis .    a - +1 hand axe
rCold   + . .      Faith    .    (no shield)
rNeg    . . .      Spirit   .    j - +2 leather armour {rC+}
rPois   .          Reflect  .    (helmet restricted)
rElec   .          Harm     .    i - +0 cloak
rCorr   .          Rampage  +    (no gloves)
Will    ++...                    p - +0 pair of boots {rampage}
Stlth   ..........               (no amulet)
HPRegen 1.32/turn                (no ring)
MPRegen 0.09/turn                (no ring)

@: berserking, strong-willed, regenerating, very quick
A: horns 2, retaliatory headbutt
a: Renounce Religion, Berserk, Trog's Hand


You were on level 4 of the Dungeon.
You worshipped Trog.
Trog was pleased with you.
You visited 1 branch of the dungeon, and saw 4 of its levels.

You collected 151 gold pieces.

Inventory:

Hand Weapons
 a - a +1 hand axe (weapon)
Armour
 i - a +0 cloak (worn)
 j - a +2 leather armour of cold resistance (worn)
 n - a +2 robe of positive energy
 p - a +0 pair of boots of rampaging (worn)
Wands
 o - a wand of paralysis (3)
 s - a wand of digging (6)
Scrolls
 c - a scroll of fear {unknown}
 d - 2 scrolls of noise {unknown}
 e - a scroll of brand weapon {unknown}
 h - 2 scrolls of enchant weapon
 t - 2 scrolls of magic mapping {unknown}
 v - a scroll of butterflies {unknown}
Potions
 b - a potion of attraction {unknown}
 f - 3 potions of curing {unknown}
 g - 2 potions of degeneration
 k - 2 potions of magic
 l - a potion of berserk rage {unknown}
 m - a potion of cancellation {unknown}
 q - 2 potions of might {unknown}
 r - a potion of brilliance {unknown}
 u - a potion of flight {unknown}


   Skills:
 - Level 3.6 Fighting
 + Level 9.2 Axes
 - Level 2.4 Armour
 - Level 2.1 Dodging


You had 5 spell levels left.
You didn't know any spells.
Your spell library was empty.

Dungeon Overview and Level Annotations

Branches:
Dungeon (4/15)
 Temple: D:4-7

Altars:

Annotations:
D:4 Jessica


Innate Abilities, Weirdness & Mutations

You have a pair of horns on your head.
You reflexively headbutt those who attack you in melee.


Message History

You bump into the rock wall.
The orc closely misses you.
You closely miss the orc. The orc closely misses you.
You hit the orc.
The orc is moderately wounded.
You hit the orc. You headbutt the orc.
You kill the orc!
Trog accepts your kill.
Jessica casts a spell.
Jessica blinks!
The orc hits you with a +0 morningstar!
You see here a +0 flail.
You bump into the rock wall.
The orc hits you but does no damage.
You're too confused to move!
The orc barely misses you.
You hit the orc.
The orc is severely wounded.
The orc misses you.
You bump into the rock wall.
The orc hits you with a +0 morningstar!
You miss the orc. Your headbutt misses the orc.
The orc is severely wounded.
You feel less confused.
Jessica mumbles some strange words.
Jessica blinks!
The orc hits you with a +0 morningstar!
Your skin crawls.
You feel strong-willed.
Jessica hits you with a +2 dagger of electrocution.
The orc barely misses you.
You barely miss Jessica. You barely miss the orc.
Jessica hits you with a +2 dagger of electrocution!
You are electrocuted!
* * * LOW HITPOINT WARNING * * *
A red film seems to cover your vision as you go berserk!
You feel yourself moving faster!
You feel mighty!
Jessica hits you with a +2 dagger of electrocution.
* * * LOW HITPOINT WARNING * * *
You are electrocuted!
* * * LOW HITPOINT WARNING * * *
The orc misses you. You furiously retaliate!
You headbutt the orc!
You kill the orc!
Trog accepts your kill.
Jessica zaps a wand.
The puff of flame hits you!
You die...

########## ##########
#......... #........#
#......... ###........#
#.........
...........####.........
..............+.........
...........##.#.........
########@#####...........
......))@# #...........
....###### ###.≈≈≈.#.####
. #...≈?≈...#
#####.#.≈≈≈.###
#.....#.....#
#....##.##### +....'..#
#....#### #..†.#


You could see Jessica (fast).

Levels and vault maps discovered:
D:1:      dpeg_arrival_stone_temple_mockup, layout_basic
D:2:      layout_loops_ring, serial_rivers, chequers_serial_rivers_micro_b,
          chequers_serial_rivers_small_3, chequers_serial_rivers_large_a,
          chequers_serial_rivers_room_a, chequers_serial_rivers_marsh,
          shapermc_ecumenical_altar_starsandcircs, grunt_decor_mini_mirrors,
          uniq_sigmund, uniq_robin, uniq_jessica
D:3:      layout_basic, serial_rivers, chequers_serial_rivers_micro_c,
          chequers_serial_rivers_small_b, chequers_serial_rivers_micro_c,
          chequers_serial_rivers_small_b, minmay_close_crescents, uniq_terence
D:4:      layout_basic, nicolae_ashenzari_skybound,
          corexii_item_surrounded_by_moat

Notes
Turn   | Place    | Note
-------+----------+-------------------------------------------
     0 | D:1      | tbh1313 the Minotaur Berserker began the quest for the Orb.
     0 | D:1      | Reached XP level 1. HP: 19/19 MP: 0/0
   133 | D:1      | Reached skill level 4 in Axes
   254 | D:1      | Reached XP level 2. HP: 18/26 MP: 1/1
   811 | D:2      | Noticed Robin
   817 | D:2      | Reached ** piety under Trog
   818 | D:2      | Reached skill level 5 in Axes
   820 | D:2      | Killed Robin
   821 | D:2      | Reached XP level 3. HP: 28/31 MP: 2/2
   965 | D:2      | Found a faded altar of an unknown god.
  1012 | D:2      | Noticed Jessica
  1137 | D:2      | Noticed Sigmund
  1158 | D:2      | Killed Sigmund
  1159 | D:2      | Reached skill level 7 in Axes
  1159 | D:2      | Reached XP level 4. HP: 26/39 MP: 3/3
  1159 | D:2      | Reached XP level 5. HP: 30/45 MP: 4/4
  1871 | D:3      | Noticed Terence
  1877 | D:3      | Killed Terence
  1878 | D:3      | Reached skill level 8 in Axes
  2040 | D:3      | Reached XP level 6. HP: 51/51 MP: 5/5
  2749 | D:4      | Reached skill level 9 in Axes
  2780 | D:4      | HP: 5/76 [Jessica/+2 dagger of electrocution (12)]
  2780 | D:4      | Killed from afar by Jessica

Table legend: (Time is in decaauts)
 A = Elapsed time spent in this place.
 B = Non-inter-level travel time spent in this place.
 C = Inter-level travel time spent in this place.
 D = Time resting spent in this place.
 E = Time spent auto-exploring this place.
 F = Levels seen in this place.
 G = Mean time per level.
                   A        B        C        D        E       F      G
               +--------+--------+--------+--------+--------+-----+--------+
         Total |   2796 |   2692 |    104 |    256 |   2005 |   4 |  699.0 |
       Dungeon |   2796 |   2692 |    104 |    256 |   2005 |   4 |  699.0 |
               +--------+--------+--------+--------+--------+-----+--------+

Top non-repeatable levels by time:
     D:2: 1092 daAuts
     D:3: 772 daAuts
     D:1: 702 daAuts
     D:4: 229 daAuts

Table legend:
 A = Kills in this place as a percentage of kills in entire the game.
 B = Kills by you in this place as a percentage of kills by you in the entire game.
 C = Kills by friends in this place as a percentage of kills by friends in the entire game.
 D = Other kills in this place as a percentage of other kills in the entire game.
 E = Experience gained in this place as a percentage of experience gained in the entire game.
 F = Experience gained in this place divided by the number of levels of this place that you have seen.
                   A       B       C       D       E      F
               +-------+-------+-------+-------+-------+----------------------
         Total | 100.0 | 100.0 |   N/A |   N/A | 100.0 | 157.5
       Dungeon | 100.0 | 100.0 |   N/A |   N/A | 100.0 | 157.5
               +-------+-------+-------+-------+-------+----------------------

Action                   |  1- 3 |  4- 6 || total
-------------------------+-------+-------++-------
Melee: Hand axe          |    78 |    82 ||   160
       Headbutt          |     6 |    11 ||    17
       Punch             |     1 |     2 ||     3
Invok: Trog's Hand       |     2 |     1 ||     3
       Berserk           |     1 |     1 ||     2
  Use: Scroll            |       |     3 ||     3
 Stab: Sleeping          |       |     1 ||     1
Armor: Ring mail         |    25 |     1 ||    26
       Robe              |       |     6 ||     6
       Leather armour    |       |    16 ||    16
Dodge: Dodged            |    46 |    30 ||    76

Vanquished Creatures
  Sigmund (D:2)
  An ogre (D:4)
  An iguana (D:4)
  Terence (D:3)
  2 orc wizards (D:4)
  Robin (D:2)
  3 dart slugs
  6 orcs
  4 ball pythons
  10 endoplasms
  3 giant cockroaches
  10 goblins
  8 hobgoblins
  2 jackals (D:4)
  10 kobolds
  3 bats
  3 frilled lizards
  6 rats
75 creatures vanquished.
